Map: Catalyst LE

Players

KillJoy

  • Race: Zerg Zerg
  • League: Diamond
  • Spawn Location: 5:00

BobbyAwesome - Winner!

  • Race: Protoss Protoss
  • League: Diamond
  • Spawn Location: 11:00

VOD

Have the link to the VOD?

Description

Time

  • Played on: May 15, 2018, 11:31 p.m.
  • Length: 10:47
Show
View Real Time Build Order
Export as new Build Order

KillJoy Zerg 

Build Orders: Hatch First 

Get SALT Encoding   

  12  0:02  Drone  
  13  0:15  Overlord  
  13  0:20  Drone  
  14  0:35  Drone x2  
  16  0:39  Drone  
  17  0:55  Hatchery  
  16  0:57  Drone  
  16  1:01  Drone  
  18  1:11  Extractor  
  17  1:16  Spawning Pool  
  16  1:20  Drone  
  17  1:28  Drone  
  17  1:31  Drone  
  19  1:44  Overlord  
  19  1:54  Drone  
  20  2:05  Zergling x2, Queen  
  20  2:07  Queen  
  20  2:08  Zergling x2  
  26  2:16  Drone, Metabolic Boost  
  26  2:22  Drone  
  28  2:28  Zergling x2  
  29  2:33  Spine Crawler  
  29  2:34  Spine Crawler  
  27  2:40  Overlord  
  27  2:50  Zergling x2  
  28  3:01  Zergling x8  
  28  3:02  Zergling x2  
  33  3:21  Drone x3  
  33  3:23  Overlord  
  33  3:24  Overlord  
  36  3:41  Drone  
  36  3:42  Drone x3  
  36  3:44  Queen  
  42  4:02  Drone x2  
  44  4:03  Hatchery  
  44  4:04  Drone  
  40  4:30  Drone x7, Queen  
  49  4:33  Lair  
  49  4:55  Extractor  
  49  4:56  Drone  
  49  4:57  Drone x2  
  49  4:59  Extractor  
  50  5:00  Drone, Extractor  
  50  5:01  Drone  
  50  5:03  Overlord  
  51  5:17  Queen  
  53  5:22  Drone x2  
  53  5:23  Drone x3  
  53  5:24  Drone  
  59  5:31  Drone  
  59  5:34  Spire  
  59  5:38  Overseer  
  59  5:50  Spore Crawler, Drone  
  59  5:52  Spore Crawler  
  59  5:53  Drone  
  59  5:55  Drone x6  
  65  5:58  Overlord x5  
  65  5:59  Overlord  
  65  6:15  Extractor  
  64  6:20  Extractor  
  64  6:22  Drone x2  
  65  6:38  Spine Crawler x2  
  63  6:48  Spine Crawler  
  63  6:50  Spine Crawler  
  63  6:54  Mutalisk, Zerg Flyer Weapons Level 1  
  63  6:55  Mutalisk x6  
  76  7:11  Mutalisk x3  
  76  7:15  Zergling x2  
  83  7:16  Zergling x22  
  94  7:23  Spine Crawler  
  94  7:25  Spine Crawler  
  94  7:26  Spine Crawler  
  94  7:27  Queen  
  93  7:37  Drone x3  
  95  8:11  Mutalisk  
  95  8:12  Mutalisk x5  
  103  8:24  Hatchery  
  102  8:30  Drone x3  
  105  8:40  Overlord x2  
  105  8:51  Hydralisk Den  
  104  8:58  Burrow  
  104  9:02  Baneling Nest  
  103  9:03  Drone x3  
  103  9:05  Drone  
  105  9:18  Drone  
  105  9:19  Mutalisk x5, Drone  
  117  9:30  Lurker Den  
  116  9:33  Drone x3  
  119  9:38  Pneumatized Carapace  
  119  9:47  Hatchery  
  118  9:57  Baneling  
  118  9:58  Baneling x9  
  118  9:59  Baneling  
Show
View Real Time Build Order
Export as new Build Order

BobbyAwesome Protoss - Winner!

Build Orders:  

Get SALT Encoding   

  12  0:01  Probe  
  13  0:14  Pylon  
  13  0:19  Assimilator  
  13  0:32  Gateway  
  13  0:33  Probe  
  13  0:41  Probe  
  15  0:50  Probe  
  16  1:03  Probe  
  17  1:08  Gateway  
  18  1:20  Cybernetics Core  
  18  1:23  Zealot  
  19  1:26  Probe  
  20  1:33  Pylon  
  20  1:38  Probe  
  21  1:48  Stalker  
  21  1:49  Stalker  
  21  1:51  Probe  
  22  2:01  Warp Gate  
  26  2:05  Probe  
  27  2:11  Assimilator  
  27  2:17  Adept, Probe  
  30  2:31  Pylon  
  30  2:38  Probe  
  33  2:56  Nexus  
  31  3:05  Pylon  
  31  3:08  Probe  
  32  3:24  Gateway  
  32  3:28  Forge  
  32  3:35  Gateway  
  32  3:40  Probe  
  33  3:51  Pylon  
  33  3:55  Protoss Ground Weapons Level 1  
  33  3:58  Probe  
  34  4:07  Twilight Council  
  34  4:10  Probe  
  35  4:20  Sentry  
  35  4:21  Sentry x2  
  41  4:28  Probe, Shield Battery  
  41  4:29  Probe  
  43  4:36  Probe  
  43  4:37  Assimilator  
  43  4:39  Assimilator  
  43  4:41  Probe  
  43  4:44  Probe  
  45  4:48  Resonating Glaives  
  45  4:50  Probe  
  46  4:55  Probe  
  46  4:58  Probe  
  48  5:05  Sentry  
  51  5:07  Probe x2  
  53  5:19  Templar Archives, Probe x2  
  55  5:30  Pylon  
  55  5:31  Adept, Probe  
  55  5:32  Adept  
  55  5:34  Probe  
  61  5:39  Protoss Ground Weapons Level 2  
  61  5:43  Probe, Sentry  
  61  5:47  Probe  
  61  5:48  Pylon  
  65  5:55  Probe  
  66  5:59  Probe  
  67  6:07  Probe  
  67  6:10  Pylon  
  67  6:11  Probe, Psionic Storm  
  69  6:16  Robotics Facility  
  69  6:21  Adept x2  
  69  6:22  Adept  
  75  6:39  Probe  
  76  6:40  Probe  
  76  6:43  High Templar  
  76  6:45  Adept x2  
  83  6:55  Gateway  
  83  7:22  Stalker x3  
  89  7:24  Warp Prism  
  89  7:29  Gateway  
  91  7:30  Shield Battery  
  91  7:31  Gateway  
  91  7:33  Gateway  
  91  7:34  Photon Cannon  
  91  7:36  Photon Cannon  
  91  7:44  Photon Cannon  
  91  7:47  High Templar  
  91  7:52  Shield Battery  
  88  8:00  Stalker x2  
  88  8:27  High Templar x3, Photon Cannon  
  94  8:32  Archon  
  94  8:40  Pylon  
  94  8:41  Pylon  
  94  8:45  Photon Cannon  
  94  8:46  Pylon  
  94  8:51  Pylon  
  94  8:59  High Templar x3  
  100  9:03  Archon  
  100  9:15  Photon Cannon x2  
  100  9:17  Photon Cannon  
  100  9:19  Photon Cannon  
  100  9:21  High Templar  
  102  9:35  Forge  
  102  9:39  High Templar  
  102  9:42  Adept x5  
  114  10:03  Pylon  
  114  10:05  Pylon  
Tags
 
Add a new tag
Caveats
  • Supply blocks, unpowered buildings, or Contaminate may cause inaccurate times.
  • Supply counts are checked every 10 seconds.